 Dungeon Crawl Stone Soup version 0.25.0-15-gac7dcb8919 (webtiles) character file.

Game seed: 2122231322606943311

56 protoss039 the Sneak (level 3, -2/20 HPs)
             Began as a Vampire Necromancer on June 30, 2020.
             Slain by an adder (4 damage)
             ... on level 3 of the Dungeon.
             The game lasted 00:09:28 (3197 turns).

protoss039 the Sneak (Vampire Necromancer)          Turns: 3197, Time: 00:09:28

Health: -2/20      AC:  3    Str:  3 (7)  XL:     3   Next: 71%
Magic:  0/6        EV:  8    Int: 14 (18) God:
Gold:   170        SH:  5    Dex: 10 (14) Spells: 5/6 levels left

rFire    . . .     SeeInvis +   n - +0 dagger
rCold    + + .     Gourm    .   j - +0 kite shield
rNeg     + + +     Faith    .   i - +0 leather armour
rPois    ∞         Spirit   .   (no helmet)
rElec    .         Reflect  .   (no cloak)
rCorr    .         Harm     .   (no gloves)
MR       .....                  (no boots)
Stlth    ++++......             (no amulet)
HPRegen  0.00/turn              (no ring)
MPRegen  0.10/turn              (no ring)

@: very slightly contaminated, bloodless
A: no food, fangs 3, see invisible, unbreathing
a: Bat Form, Revivify


You were on level 3 of the Dungeon.
You were bloodless.

You visited 1 branch of the dungeon, and saw 3 of its levels.

You collected 170 gold pieces.

Inventory:

Hand Weapons
 k - a +0 whip
 n - a +0 dagger (weapon)
Armour
 a - a +0 robe
 i - a +0 leather armour (worn)
 j - a +0 kite shield (worn)
 r - a cursed +0 scale mail
 s - a scarf of resistance
Jewellery
 b - a +6 ring of strength {unknown}
 c - a cursed -4 ring of intelligence {unknown}
 f - an uncursed amulet of reflection {unknown}
Scrolls
 d - 2 scrolls of remove curse {unknown}
 e - 2 scrolls of magic mapping {unknown}
 l - 2 scrolls of identify {unknown}
 p - a scroll of noise {unknown}
 q - a scroll of amnesia {unknown}
 t - a scroll of teleportation {unknown}
Potions
 g - 3 potions of heal wounds
 h - a potion of haste {unknown}
 m - a potion of stabbing {unknown}
 o - a potion of curing {unknown}


   Skills:
 * Level 1.4 Fighting
 + Level 0.3 Short Blades
 - Level 2.1 Dodging
 * Level 4.9 Stealth
 + Level 2.4 Spellcasting
 - Level 4.3 Necromancy


You had 5 spell levels left.
You knew the following spells:

 Your Spells              Type           Power        Failure   Level  Hunger
a - Pain                  Necr           ##..         45%         1    N/A

Your spell library contained the following spells:

 Spells                   Type           Power        Failure   Level  Hunger
 Animate Skeleton         Necr           N/A          45%         1    N/A
 Vampiric Draining        Necr           ##........   83%         3    N/A
 Animate Dead             Necr           N/A          99%         4    N/A
 Agony                    Necr           ##......     100%        5    N/A

Dungeon Overview and Level Annotations

Branches:
Dungeon (3/15)

Altars:
Gozag
Okawaru
Wu Jian

Annotations:
D:3 Robin; SamuraiZach's ghost, amateur TrBe


Innate Abilities, Weirdness & Mutations

You do not eat.
You do not regenerate when monsters are visible.
You are frail without blood (-20% HP).
You can heal yourself when you bite living creatures.
You are immune to poison.
You have razor-sharp teeth.
You have supernaturally acute eyesight. (SInv)
You can survive without breathing.


Message History

Casting: Pain (safe; 45% risk of failure)
Confirm with . or Enter, or press ? or * to list all spells.
Aiming: Pain (safe; 45% risk of failure)
Press: ? - help, Shift-Dir - straight line, f/p - adder
Aim: an adder (lightly wounded, chance to defeat MR: 79%)
The adder writhes in agony.
The adder bites you. The adder barely misses you.
Casting: Pain (safe; 45% risk of failure)
Confirm with . or Enter, or press ? or * to list all spells.
Aiming: Pain (safe; 45% risk of failure)
Press: ? - help, Shift-Dir - straight line, f/p - adder
Aim: an adder (severely wounded, chance to defeat MR: 79%)
The adder barely resists.
The adder bites you.
* * * LOW HITPOINT WARNING * * *
Casting: Pain (safe; 45% risk of failure)
Confirm with . or Enter, or press ? or * to list all spells.
Aiming: Pain (safe; 45% risk of failure)
Press: ? - help, Shift-Dir - straight line, f/p - adder
Aim: an adder (severely wounded, chance to defeat MR: 79%)
You miscast Pain.
Nothing appears to happen.
The adder bites you.
You die...

####### #.....# #.# ####.#
#.# ..# #....# #.# ##
#.##.###.### ###
#.##.......# ..#
#.#........#
#†###.#.#..##>.#####
......#.#......S@..##
#.#####.#.##...#..########
#.### #.#.##...##.'≈≈≈≈)≈#
....# #........##.########
....# ######.####..##
....# #.# #### ...)... #.#
.....### #.# ####.# #.#


You could see an adder.

Vanquished Creatures
  2 adders (D:3)
  A dart slug (D:1)
  2 leopard geckos (D:2)
  2 giant cockroaches
  A goblin (D:2)
  5 hobgoblins
  4 kobolds
  2 quokkas
  A ball python (D:2)
  A ball python skeleton (D:2)
  7 bats
  A frilled lizard (D:2)
  6 rats
35 creatures vanquished.

Notes
Turn   | Place    | Note
-------+----------+-------------------------------------------
     0 | D:1      | protoss039 the Vampire Necromancer began the quest for the
                  | Orb.
     0 | D:1      | Reached XP level 1. HP: 13/13 MP: 3/3
   583 | D:1      | Reached XP level 2. HP: 20/20 MP: 3/5
  1075 | D:2      | Reached skill level 1 in Fighting
  1307 | D:2      | Found an opulent altar of Gozag.
  1462 | D:2      | Found an iron altar of Okawaru.
  2083 | D:2      | Reached XP level 3. HP: 20/20 MP: 6/6
  2269 | D:2      | Found an ornate altar of the Wu Jian Council.
  2378 | D:3      | Noticed Robin
  2716 | D:3      | Noticed an ogre
  2943 | D:3      | Found a runed translucent door.
  2944 | D:3      | Noticed SamuraiZach's ghost (amateur TrBe)
  3197 | D:3      | Slain by an adder

Illustrated notes

Levels and vault maps discovered:
D:1:      lightli_arrival_quake, layout_basic
D:2:      layout_basic, marbit_many_paths, okawaru_trees_2,
          nicolae_gozag_cash_rules_everything_around_me
D:3:      layout_loops_cross, ebering_ghost_sewer_d, uniq_robin

Skill      XL: |  1  2 |
---------------+-------+-----
Fighting       | 1 |  1.4
Stealth        | 4 |  4.9
Short Blades   | |  0.3
Dodging        | |  2.1
Spellcasting   | |  2.4
Necromancy     | |  4.3

Action                   || total
-------------------------++-------
Melee: Unarmed           ||    45
       Bite              ||    18
       Whip              ||    86
       Dagger            ||    44
 Cast: Pain              ||    35
 Abil: Exsanguinate      ||     1
       End Transformatio ||     2
       Bat Form          ||     2
  Use: Potion            ||     1
 Stab: Sleeping          ||    10
Armor: Robe              ||     7
       Leather armour    ||    56
Dodge: Dodged            ||   136
Block: Kite shield       ||    71
